 Dungeon Crawl Stone Soup version 0.18-a0-1468-gaf180a1 (webtiles) character file.

256 namelastname112 the Insei (level 5, -1/45 HPs)
             Began as a Draconian Monk on Mar 1, 2016.
             Slain by an ogre
             ... wielding a +0 giant club
              (32 damage)
             ... on level 4 of the Dungeon.
             The game lasted 00:03:05 (2249 turns).

namelastname112 the Insei (Draconian Monk)          Turns: 2249, Time: 00:03:06

Health: -1/45      AC:  6    Str: 14    XL:     5   Next: 92%
Magic:  5/5        EV: 13    Int: 10    God:
Gold:   275        SH:  0    Dex: 14    Spells: 0 memorised, 4 levels left

rFire  . . .     SeeInvis .       - Unarmed
rCold  . . .     Gourm    +     (armour unavailable)
rNeg   . . .     Faith    .     (no shield)
rPois  +         Spirit   .     (helmet restricted)
rElec  .         Dismiss  .     v - +0 cloak
rCorr  .         Reflect  .     (no gloves)
SustAt .         Harm     .     (no boots)
MR     .....                    n - amulet of the gourmand
Stlth  ++........               (no ring)
                                i - ring of poison resistance

@: not resistant to hostile enchantments, unstealthy
A: unfitting armour, cold-blooded, AC +5
a: no special abilities


You were on level 4 of the Dungeon.
You were not hungry.

You visited 1 branch of the dungeon, and saw 4 of its levels.

You collected 275 gold pieces.

Inventory:

Armour
 v - a +0 cloak (worn)
Jewellery
 i - a ring of poison resistance (left hand)
 n - an amulet of the gourmand (around neck)
 y - a cursed amulet of inaccuracy {unknown}
Wands
 q - a wand of iceblast (9/15)
 u - a wand of digging (8/24)
Scrolls
 b - 3 scrolls of remove curse {unknown}
 c - 6 scrolls of identify {unknown}
 d - 3 scrolls of teleportation {unknown}
 e - 3 scrolls of magic mapping {unknown}
 f - a scroll of fear {unknown}
 g - a scroll of random uselessness {unknown}
 h - a scroll of noise {unknown}
 s - a scroll of immolation {unknown}
 t - a scroll of blinking {unknown}
 B - a scroll of fog {unknown}
Potions
 j - a potion of curing {unknown}
 k - 2 potions of heal wounds {unknown}
 m - a potion of haste {unknown}
 p - a potion of ambrosia {unknown}
 r - a potion of magic {unknown}
 x - a potion of lignification {unknown}
 z - a potion of might {unknown}
 C - a potion of agility {unknown}
Miscellaneous
 l - a plain deck of summoning {drawn: 2}
Comestibles
 a - 5 bread rations
 o - 2 meat rations
 w - a slice of pizza
 A - a beef jerky


   Skills:
 - Level 3.2 Fighting
 - Level 2.6 Dodging
 - Level 1.7 Stealth
 + Level 7.2 Unarmed Combat


You had 4 spell levels left.
You didn't know any spells.

Dungeon Overview and Level Annotations

Branches:
Dungeon (4/15)
 Temple: D:4-7

Altars:
Fedhas
Kikubaaqudgha
Makhleb
Nemelex Xobeh
Vehumet


Innate Abilities, Weirdness & Mutations

Your plain brown scales are hard (AC +5).
Your body does not fit into most forms of armour.
You are cold-blooded and may be slowed by cold attacks.


Message History

The ogre closely misses you.
You hit the ogre. You tail-slap the ogre.
The ogre is heavily wounded.
The ogre barely misses you.
You hit the ogre.
The ogre is heavily wounded.
You hit the ogre.
You tail-slap the ogre, but do no damage.
The ogre is severely wounded.
The ogre completely misses you.
You barely miss the ogre.
The ogre is severely wounded.
The ogre barely misses you.
You hit the ogre but do no damage. You tail-slap the ogre.
The ogre is almost dead.
You hit the ogre but do no damage.
The ogre is almost dead.
The ogre hits you with a giant club!!
Ouch! That really hurt!
You die...

###########
#..........
########.########.
#####........# #.
#...........#########.
### #.###.#####.#
#....... #.. #@# #.#
#.####.. # #.# #.O#
#.# ###.. # #.# ##.#
#.# #.... # #.# .# ...
#...#.# # #.# .# #.#
...###.# # #.# .. .#
.. #.. ###### #.# .# #
#.. .....###.# ยง ..
#.. .........# $._ #
##.


You could see an ogre.

Vanquished Creatures
  A scorpion (D:4)
  A hound (D:2)
  Jessica (D:3)
  An orc wizard (D:4)
  4 adders
  5 worms
  A dart slug (D:2)
  A giant gecko (D:2)
  5 orcs
  4 giant cockroaches
  6 goblins
  8 hobgoblins
  4 jackals (D:1)
  2 quokkas
  12 bats
  2 giant newts
  5 kobolds
  5 rats
68 creatures vanquished.

Vanquished Creatures (others)
  An orc (D:4)
1 creature vanquished.

Grand Total: 69 creatures vanquished

Notes
Turn   | Place    | Note
--------------------------------------------------------------
     0 | D:1      | namelastname112 the Draconian Monk began the quest for the Orb.
     0 | D:1      | Reached XP level 1. HP: 19/19 MP: 1/1
   191 | D:1      | Reached XP level 2. HP: 21/26 MP: 2/2
   614 | D:2      | Found a sparkling altar of Nemelex Xobeh.
   662 | D:2      | Noticed a wyvern
   705 | D:2      | Reached skill level 5 in Unarmed Combat
   738 | D:2      | Reached XP level 3. HP: 27/31 MP: 3/3
   821 | D:2      | Found an ancient bone altar of Kikubaaqudgha.
   994 | D:2      | Reached XP level 4. HP: 4/38 MP: 4/4
  1013 | D:2      | Found a burning altar of Makhleb.
  1643 | D:3      | Reached skill level 6 in Unarmed Combat
  1717 | D:3      | Found a blossoming altar of Fedhas.
  1718 | D:3      | Noticed Jessica
  1726 | D:3      | Killed Jessica
  1726 | D:3      | Reached XP level 5. HP: 45/45 MP: 5/5
  2070 | D:4      | Found a radiant altar of Vehumet.
  2180 | D:4      | Reached skill level 7 in Unarmed Combat
  2241 | D:4      | Noticed an ogre
  2249 | D:4      | Slain by an ogre

Vault maps used:
D:1:      dpeg_arrival_rooms_a
D:2:      makhleb_blood_cavern_becter, old_standard_altar, nemelex_deck,
          first_bread
D:3:      fedhas_altar_1, uniq_jessica
D:4:      gammafunk_temple_overflow_claw, fiery_altar_vehumet,
          johnstein_pakellas_dig, uniq_duvessa, uniq_menkaure

Skill      XL: |  1  2  3  4  5 |
---------------+----------------+-----
Unarmed Combat | 5 6 7 |  7.2
Fighting       | |  3.2
Dodging        | |  2.6
Stealth        | |  1.7

Action                   |  1- 3 |  4- 6 || total
-------------------------+-------+-------++-------
Melee: Unarmed           |   135 |   128 ||   263
Evoke: Deck              |     2 |       ||     2
 Stab: Sleeping          |     4 |     4 ||     8
  Eat: Chunk             |       |     8 ||     8
